 Dungeon Crawl Stone Soup version 0.24-a0-459-g225fefd (webtiles) character file.

Game seed: 14098443629470026930

961 GandaPestile the Skirmisher (level 7, -2/59 HPs)
             Began as a Mummy Wanderer on June 29, 2019.
             Was a Follower of Nemelex Xobeh.
             Slain by a wight
             ... wielding a +3 battleaxe
              (6 damage)
             ... on level 8 of the Dungeon.
             The game lasted 00:24:11 (4190 turns).

GandaPestile the Skirmisher (Mummy Wanderer)        Turns: 4190, Time: 00:24:12

Health: -2/59      AC: 10    Str: 13    XL:     7   Next: 92%
Magic:  9/9        EV:  8    Int: 15    God:    Nemelex Xobeh [*.....]
Gold:   296        SH:  0    Dex: 12    Spells: 6/6 levels left

rFire    x . .     SeeInvis .   n - +0 trident
rCold    + . .     Gourm    .   (no shield)
rNeg     + + +     Faith    .   b - +2 scale mail
rPois    ∞         Spirit   .   (no helmet)
rElec    .         Reflect  .   k - +0 cloak
rCorr    .         Harm     .   (no gloves)
MR       .....                  (no boots)
Stlth    +.........             (no amulet)
HPRegen  0.19/turn              (no ring)
MPRegen  0.11/turn              (no ring)

@: no status effects
A: no food or potions, fire vulnerability, cold resistance 1, negative energy
resistance 3, torment resistance, unbreathing
a: Draw Escape, Draw Destruction, Draw Summoning, Renounce Religion


You were on level 8 of the Dungeon.
You worshipped Nemelex Xobeh.
Nemelex Xobeh was aware of your devotion.
You were not hungry.

You visited 1 branch of the dungeon, and saw 6 of its levels.

You collected 296 gold pieces.

Inventory:

Hand Weapons
 a - a +0 hand crossbow
 n - a +0 trident (weapon)
 r - a +0 scythe
Missiles
 d - 26 bolts
Armour
 b - a +2 scale mail (worn)
 k - a +0 cloak (worn)
Jewellery
 p - an uncursed ring of protection from cold {unknown}
Wands
 q - a wand of digging (7)
Scrolls
 e - 4 scrolls of remove curse
 f - 5 scrolls of identify {unknown}
 g - a scroll of enchant weapon {unknown}
 h - 2 scrolls of magic mapping {unknown}
 i - 2 scrolls of fog {unknown}
 j - a scroll of immolation {unknown}
 l - 2 scrolls of amnesia {unknown}
 m - 2 scrolls of random uselessness {unknown}
 o - a scroll of blinking {unknown}


   Skills:
 + Level 6.3 Fighting
 * Level 2.4 Polearms
 - Level 2.2 Crossbows
 + Level 3.6 Armour
 + Level 3.5 Stealth
   Level 1.0 Shields
 * Level 3.5 Invocations


You had 6 spell levels left.
You didn't know any spells.
Your spell library was empty.

Dungeon Overview and Level Annotations

Branches:
Dungeon (5/15)
 Temple: D:4-7

Altars:
Makhleb
Nemelex Xobeh
Xom


Innate Abilities, Weirdness & Mutations

You do not eat or drink.
Your flesh is vulnerable to fire.
You are immune to poison.
Your flesh is cold resistant. (rC+)
You are immune to negative energy. (rN+++)
You are immune to unholy pain and torment.
You can survive without breathing.


Message History

The wight hits you with a +3 battleaxe.
You hit the wight.
The wight is moderately damaged.
The wight hits you but does no damage.
You hit the wight.
The wight is moderately damaged.
The wight hits you with a +3 battleaxe.
You hit the wight but do no damage.
The wight is moderately damaged.
The wight closely misses you.
You closely miss the wight.
The wight is moderately damaged.
The wight hits you with a +3 battleaxe!
* * * LOW HITPOINT WARNING * * *
You closely miss the wight.
The wight is moderately damaged.
A wight comes into view. It is wielding a +5 trident.
The wight hits you with a +3 battleaxe.
You die...
Your body disappears without a glow.

...(..>.#...### #
.######.#...# #.#...###
###.#.....# #
...z....##.# ##.##.#.##.#
#.#....# ###.........###
#.#....# #...............
#.#.... #@........#####.
#.#... ##)z.....#.#
#.#..# #..###...#.#
#####.#..## #..#_'...#.#
#.........####..###.....#
#.........'.........#####
#.........####......#
#.........# #....###
#.........####....#


You could see 2 wights.

Vanquished Creatures
  Sigmund (D:4)
  An ice beast (D:8)
  A bullfrog (D:8)
  3 scorpions (D:4)
  A wight (D:8)
  A crimson imp (D:5)
  2 jellies (D:3)
  2 orc priests (D:8)
  2 worker ants
  A hound skeleton (D:4)
  A howler monkey skeleton (D:8)
  4 adders
  10 oozes (D:3)
  An adder skeleton (D:4)
  2 dart slugs (D:1)
  5 leopard geckos
  6 orcs
  A ball python (D:3)
  3 giant cockroaches
  8 hobgoblins
  5 bats
  5 frilled lizards
  8 goblins
  12 kobolds
  9 rats
95 creatures vanquished.

Vanquished Creatures (collateral kills)
  A hound (D:4)
  3 orc wizards (D:4)
  3 orcs (D:4)
7 creatures vanquished.

Vanquished Creatures (others)
  An orc wizard (D:4)
  8 toadstools (D:3)
9 creatures vanquished.

Grand Total: 111 creatures vanquished

Notes
Turn   | Place    | Note
-------+----------+-------------------------------------------
     0 | D:1      | GandaPestile the Mummy Wanderer began the quest for the
                  | Orb.
     0 | D:1      | GandaPestile set off with the following items: a +0 hand
                  | crossbow, a +2 scale mail, 24 bolts, a scroll of
                  | teleportation
     0 | D:1      | Reached XP level 1. HP: 21/21 MP: 1/1
   174 | D:1      | Reached XP level 2. HP: 27/27 MP: 2/2
   427 | D:1      | Reached XP level 3. HP: 33/33 MP: 3/3
  1702 | D:3      | Reached XP level 4. HP: 38/39 MP: 4/4
  1716 | D:3      | Found a sparkling altar of Nemelex Xobeh.
  1767 | D:3      | Reached XP level 5. HP: 44/44 MP: 5/5
  1811 | D:3      | Became a worshipper of Nemelex Xobeh the Trickster
  1931 | D:3      | Received a gift from Nemelex Xobeh
  2091 | D:3      | Found a shimmering altar of Xom.
  2494 | D:4      | Reached skill level 1 in Invocations
  2527 | D:4      | Reached XP level 6. HP: 49/52 MP: 6/6
  2725 | D:4      | Noticed Sigmund
  2727 | D:4      | Killed Sigmund
  2727 | D:4      | Reached skill level 6 in Fighting
  2727 | D:4      | Reached skill level 1 in Polearms
  2825 | D:4      | Received a gift from Nemelex Xobeh
  2871 | D:4      | Reached * piety under Nemelex Xobeh
  2875 | D:4      | Reached XP level 7. HP: 58/58 MP: 8/8
  2980 | D:4      | Found a shimmering altar of Xom.
  3313 | D:5      | Entered Level 5 of the Dungeon
  3812 | D:5      | You fall into a shaft and drop 3 floors!
  4122 | D:8      | Found a burning altar of Makhleb.
  4190 | D:8      | Slain by a wight

Levels and vault maps discovered:
D:1:      dpeg_arrival_simpleton_b, layout_loops_corners,
          minmay_misc_feat_diagonals
D:2:      layout_basic, kennysheep_generic_room_5
D:3:      cheibrodos_fertilizer, layout_basic, lemuel_coloured_pillars_altar,
          nemelex_xobeh_ov_fountains_minmay
D:4:      kennysheep_six_static_rooms, layout_basic, xom_teletrap_fun,
          uniq_sigmund
D:5:      layout_loops_corners, gammafunk_temple_overflow_pools, first_ration,
          minmay_between
D:8:      layout_basic, kennysheep_mini_moat, uniq_pikel

Skill      XL: |  1  2  3  4  5  6  7 |
---------------+----------------------+-----
Armour         | 2 3 |  3.6
Crossbows      | 2 |  2.2
Stealth        | 2 3 |  3.5
Invocations    | 1 2 3 |  3.5
Fighting       | 6 |  6.3
Polearms       | 1 2 |  2.4
Shields        | |  1.0

Action                   |  1- 3 |  4- 6 |  7- 9 || total
-------------------------+-------+-------+-------++-------
Melee: Trident           |       |    89 |    67 ||   156
       Hand crossbow     |       |     1 |       ||     1
       Scythe            |       |       |    29 ||    29
 Fire: Hand crossbow     |   117 |    37 |       ||   154
 Abil: Draw Destruction  |       |     6 |     5 ||    11
       Draw Escape       |       |       |     2 ||     2
       Draw Summoning    |       |       |     2 ||     2
  Use: Scroll            |       |     2 |       ||     2
Armor: Scale mail        |    29 |    71 |    84 ||   184
Dodge: Dodged            |    21 |    58 |    70 ||   149

Table legend:
 A = Non-vault XP
 B = Vault XP
 C = Vault XP percentage of total XP
 D = Non-vault monster count
 E = Vault monster count
 F = Vault count percentage of total count
                 A         B        C        D         E       F
            +---------+---------+-------+---------+---------+-------
      Total |     943 |     430 |  31.3 |      78 |      25 |  24.3
            +---------+---------+-------+---------+---------+-------
        D:1 |      52 |       0 |   0.0 |      27 |       0 |   0.0
        D:2 |      31 |       2 |   6.1 |      13 |       2 |  13.3
        D:3 |      50 |     162 |  76.4 |      10 |      18 |  64.3
        D:4 |     356 |     266 |  42.8 |      16 |       5 |  23.8
        D:5 |      63 |       0 |   0.0 |       2 |       0 |   0.0
        D:8 |     391 |       0 |   0.0 |      10 |       0 |   0.0
            +---------+---------+-------+---------+---------+-------
